Map: Prion Terraces

Players

LilDicky - Winner!

  • Race: Terran Terran
  • League: Diamond

Espada

  • Race: Protoss Protoss

VOD

http://www.twitch.tv/tumescentpie

Description

Time

  • Played on: Nov. 27, 2015, 10:43 p.m.
  • Length: 6:34
Show
View Real Time Build Order
Export as new Build Order

LilDicky Terran - Winner!

Build Orders: MMM Bio 

Get SALT Encoding   

  12  0:01  SCV  
  13  0:13  SCV  
  14  0:17  Supply Depot  
  14  0:25  SCV  
  15  0:28  Refinery  
  15  0:39  SCV  
  16  0:46  Barracks  
  16  0:56  SCV  
  17  1:08  SCV  
  18  1:20  SCV  
  18  1:25  Supply Depot  
  19  1:33  Marine  
  19  1:35  Orbital Command  
  20  1:40  Factory  
  20  1:56  Marine  
  22  2:01  SCV  
  22  2:11  Barracks x2  
  22  2:17  SCV  
  22  2:19  Barracks Reactor  
  23  2:29  SCV  
  24  2:35  Refinery  
  24  2:37  Supply Depot  
  24  2:41  SCV  
  24  2:46  Widow Mine  
  26  2:56  SCV  
  26  2:57  Marine  
  26  2:58  Marine  
  29  2:59  Barracks Tech Lab x2  
  29  3:05  Supply Depot  
  29  3:08  SCV  
  30  3:14  Widow Mine  
  34  3:28  Combat Shields, Stimpack  
  34  3:30  Marine x2, Marauder  
  34  3:33  SCV  
  37  3:35  Marine  
  38  3:45  SCV  
  39  3:57  Marauder, Marine x2  
  39  3:58  SCV, Marauder  
  39  4:02  Starport  
  46  4:10  Supply Depot  
  46  4:13  Widow Mine  
  46  4:31  Marine  
  46  4:32  Marauder x2, Marine  
  46  4:37  Supply Depot  
  52  4:58  Marauder x2, Marine x2  
  52  4:59  Medivac  
  58  5:03  SCV  
  57  5:16  Marine  
  57  5:19  Widow Mine  
  57  5:20  Marauder x2  
  64  5:26  Supply Depot, Marine  
  65  5:34  Marine  
  66  5:46  Marine x2  
  70  6:11  Marine x2  
  70  6:12  Marauder x2  
Show
View Real Time Build Order
Export as new Build Order

Espada Protoss 

Build Orders: 1 Gate Expand 

Get SALT Encoding   

  12  0:01  Probe (Chrono Boost)  
  13  0:11  Probe (Chrono Boost)  
  14  0:19  Pylon  
  14  0:23  Probe (Chrono Boost)  
  15  0:37  Probe (Chrono Boost)  
  15  0:41  Gateway  
  16  0:48  Probe (Chrono Boost)  
  16  0:49  Assimilator  
  17  0:58  Probe (Chrono Boost)  
  18  1:09  Probe (Chrono Boost)  
  19  1:19  Probe (Chrono Boost)  
  20  1:28  Cybernetics Core  
  20  1:30  Probe (Chrono Boost)  
  21  1:40  Nexus  
  21  1:45  Probe (Chrono Boost)  
  22  1:50  Pylon  
  22  2:00  Assimilator  
  22  2:03  Probe (Chrono Boost)  
  23  2:09  Adept (Chrono Boost)  
  23  2:12  Warp Gate (Chrono Boost)  
  23  2:15  Probe  
  26  2:27  Probe  
  27  2:35  Adept (Chrono Boost)  
  29  2:39  Mothership Core  
  31  2:51  Probe  
  31  2:52  Gateway  
  31  2:54  Gateway  
  32  3:00  Probe  
  32  3:02  Probe, Adept  
  36  3:12  Probe x2  
  36  3:15  Pylon  
  38  3:25  Probe  
  34  3:37  Robotics Facility  
  24  4:32  Observer (Chrono Boost)  
  24  4:33  Probe  
  24  4:38  Probe  
  26  5:00  Stalker x3  
  32  5:08  Probe  
  32  5:10  Probe  
  34  5:16  Observer (Chrono Boost)  
  34  5:19  Probe  
  36  5:22  Probe  
  36  5:26  Adept, Zealot  
  41  5:29  Zealot  
  41  5:30  Probe  
  38  5:53  Sentry  
Tags
 
Add a new tag
Caveats
  • Supply blocks, unpowered buildings, or Contaminate may cause inaccurate times.
  • Supply counts are checked every 10 seconds.